 Dungeon Crawl Stone Soup version 0.31-a0-175-g9f7f995f2b (webtiles) character file.

Game seed: 3686434096574515759

3495 mdonais the Fighter (level 10, -2/73 HPs)
             Began as an Octopode Brigand on June 17, 2023.
             Was an Initiate of Uskayaw.
             Slain by a hog (12 damage)
             ... on level 8 of the Dungeon.
             The game lasted 00:29:52 (9766 turns).

mdonais the Fighter (Octopode Brigand)              Turns: 9766, Time: 00:29:52

Health: -2/73      AC:  1    Str:  8 (11) XL:     10   Next: 7%
Magic:  13/16      EV: 12    Int: 12 (15) God:    Uskayaw [......]
Gold:   419        SH:  5    Dex: 14 (16) Spells: 8/9 levels left

rFire   + . .        H - +0 dagger (speed)
rCold   . . .        (no shield)
rNeg    . . .        (helmet restricted)
rPois   .            t - amulet of reflection
rElec   .            f - ring of protection from fire
rCorr   .            A - ring of flight
SInv    .            (no ring)
Will    .....        (no ring)
Stlth   ++++         (no ring)
HPRegen 0.32/turn    (no ring)
MPRegen 0.15/turn    (no ring)
                     (no ring)

%: reflection
@: flying
A: almost no armour, amphibious, 8 rings, camouflage 1, gelatinous body 1,
(nimble swimmer 1), tentacles
a: Renounce Religion


You were on level 8 of the Dungeon.
You worshipped Uskayaw.
Uskayaw was aware of your devotion.
You visited 2 branches of the dungeon, and saw 9 of its levels.

You collected 419 gold pieces.

Inventory:

Hand Weapons
 a - a +2 dagger of draining
   (You took it off a goblin on level 1 of the Dungeon)
 b - the +0 hand axe of True Grit {heavy, rElec Str+2}
   (You found it on level 7 of the Dungeon)

   Str:       It affects your strength (+2).
   rElec:     It insulates you from electricity.
 c - a +3 dagger
   (You took it off a wight on level 8 of the Dungeon)
 k - a +1 dagger of holy wrath
   (You found it on level 1 of the Dungeon)
 y - a +0 dagger of venom
   (You took it off a goblin on level 4 of the Dungeon)
 G - a +0 rapier
   (You took it off a gnoll on level 6 of the Dungeon)
 H - a +0 dagger of speed (weapon)
   (You took it off an orc wizard on level 6 of the Dungeon)
Missiles
 v - 2 javelins
 C - 7 poisoned darts
Magical Staves
 d - a staff of cold
   (You found it on level 1 of the Dungeon)
 p - a staff of death
   (You found it on level 2 of the Dungeon)
Jewellery
 f - a ring of protection from fire (left tentacle)
   (You found it on level 2 of the Dungeon)
 t - an amulet of reflection (around mantle)
   (You found it on level 8 of the Dungeon)
 w - a ring of fire
   (You found it on level 3 of the Dungeon)
 A - a ring of flight (right tentacle)
   (You found it on level 4 of the Dungeon)
 B - an amulet of magic regeneration
   (You found it on level 8 of the Dungeon)
Wands
 D - a wand of digging (6)
   (You found it on level 5 of the Dungeon)
Scrolls
 g - a scroll of poison {unknown}
 j - 4 scrolls of amnesia
 m - a scroll of summoning
 n - 2 scrolls of enchant weapon
 r - 2 scrolls of vulnerability
 x - a scroll of brand weapon
 E - 2 scrolls of enchant armour
 J - a scroll of fog {unknown}
 K - a scroll of revelation {unknown}
 L - a scroll of immolation {unknown}
 T - 3 scrolls of teleportation
Potions
 e - a potion of cancellation {unknown}
 i - a potion of enlightenment
 l - 5 potions of heal wounds
 q - a potion of lignification {unknown}
 s - a potion of might
 u - a potion of ambrosia {unknown}
 z - a potion of haste {unknown}
 I - a potion of brilliance {unknown}
 Q - 2 potions of curing


   Skills:
 + Level 8.7 Fighting
 - Level 5.0 Short Blades
 - Level 4.0 Throwing
 - Level 1.0 Dodging
 - Level 5.3 Stealth
 - Level 6.0 Shields
 + Level 8.0 Invocations


You had 8 spell levels left.
You knew the following spells:

 Your Spells              Type           Power      Damage    Failure   Level
a - Freeze                Ice            0%         1d3       32%         1

Your spell library contained the following spells:

 Spells                   Type           Power      Damage    Failure   Level
 Slow                     Hex            0%         N/A       32%         1
 Confusing Touch          Hex            0%         N/A       69%         3
 Frozen Ramparts          Ice            0%         1d1       69%         3
 Hailstorm                Conj/Ice       0%         3d3       69%         3
 Stone Arrow              Conj/Erth      0%         3d7       69%         3
 Vampiric Draining        Necr           0%         2d6       69%         3
 Lehudib's Crystal Spear  Conj/Erth      0%         10d2      100%        8
 Animate Armour           Summ/Erth      Unusable   N/A       N/A         4

Dungeon Overview and Level Annotations

Branches:
Dungeon (8/15) Zot: 25985  Temple (1/1) D:4 Zot: 5998
   Lair: D:8-11

Altars:
Cheibriados
Dithmenos
Gozag
Kikubaaqudgha
Nemelex Xobeh
Qazlal
Ru
Uskayaw
Vehumet
Zin
The Shining One

Shops:
D:1 [   D:6 [   D:7 [=:[(


Innate Abilities, Weirdness & Mutations

You cannot wear most types of armour.
You are amphibious.
You can wear up to eight rings at the same time.
Your skin changes colour to match your surroundings (Stealth+).
Your rubbery body absorbs attacks. (AC +1, EV +1)
((You are camouflaged when in or above water. (Stealth+)))
You have tentacles for arms and can constrict up to eight enemies at once.


Message History

Uskayaw will force your foes to share their pain.
Things that are here:
a +4 spear; a +0 robe
Things that are here:
a +3 dagger; a +0 robe
c - a +3 dagger
Things that are here:
a +1 battleaxe; a +0 robe You start to feel less resistant.
Your enlightenment fades.
HP restored.
Your resistance to elements expires.
You feel a little less mighty now.
C - 5 poisoned darts (gained 1)
Things that are here:
5 large rocks; a cyclops corpse
v - 2 javelins (gained 1);
F - 5 curare-tipped darts (gained 1)
C - 7 poisoned darts (gained 2)
Found a stone staircase leading up and a stone staircase leading down.
Health restored: 73
Found a scale mail.
You drop a potion of degeneration.
You drop 2 scrolls of noise.
Found a falchion.
g - a scroll labelled BALEAREEXI
There is a stone staircase leading up here.
An orc is nearby!
The orc hits you with a +0 trident.
You take 3 damage, and have 70/73 hp.
You barely miss the orc. Your grab misses the orc.
The orc hits you with a +0 trident.
You take 2 damage, and have 68/73 hp.
You hit the orc. Your grab misses the orc.
The orc is severely wounded.
You block the orc's attack.
You closely miss the orc. Your grab misses the orc.
The orc is severely wounded.
You hit the orc.
You kill the orc!
No target in view!
Your +1 dagger of holy wrath stops glowing.
Your tentacles tingle!
H - a +0 dagger of speed (weapon)
You see here a +0 trident.
There is an open door here.
A hog comes into view.
The hog squeals angrily.
You hear an angry squeal.
The hog moves out of view.
You hear an angry squeal.
Health restored: 73 2 hogs come into view.
The hog bites you!
You take 11 damage, and have 62/73 hp.
You hit the hog. You grab the hog.
You tentacle-slap the hog, but do no damage.
You squeeze the hog.
The hog is lightly wounded.
You constrict the hog, but do no damage.
You hit the hog.
The hog is moderately wounded.
You constrict the hog. The hog bites you!
You take 13 damage, and have 49/73 hp.
You hit the hog.
The hog is moderately wounded.
You constrict the hog. The hog barely misses you.
You hit the hog but do no damage. You squeeze the hog.
The hog is heavily wounded.
You constrict the hog.
You can now pass through a line of other dancers.
You barely miss the hog. You squeeze the hog.
The hog is heavily wounded.
You constrict the hog.
The hog escapes!
You hit the hog but do no damage. Your grab misses the hog.
The hog is heavily wounded.
The hog barely misses you.
You closely miss the hog. You grab the hog.
The hog is heavily wounded.
You constrict the hog, but do no damage.
You hit the hog. You squeeze the hog.
The hog is severely wounded.
You constrict the hog. The hog bites you. The hog bites you!
You take 18 damage, and have 32/73 hp.
MASSIVE DAMAGE!!
Throw: 5 darts (curare)
Press: ? - help, Q - select action, (/) - cycle Shift-Dir - straight line, f - hog
Aim: a hog (68% to hit)
You throw a curare-tipped dart.
The curare-tipped dart barely misses the hog.
You constrict the hog, but do no damage.
The hog bites you!
* * * LOW HITPOINT WARNING * * *
The hog bites you!
* * * LOW HITPOINT WARNING * * *
You take 21 damage, and have 11/73 hp.
MASSIVE DAMAGE!!
Throw: 4 darts (curare)
Press: ? - help, Q - select action, (/) - cycle Shift-Dir - straight line, f/p - hog
Aim: a hog (68% to hit)
You throw a curare-tipped dart. The curare-tipped dart hits the hog.
The hog is poisoned.
The hog convulses.
The hog seems to slow down.
The hog is lightly wounded.
You constrict the hog. The hog misses you. x2
Throw: 3 darts (curare)
Press: ? - help, Q - select action, (/) - cycle Shift-Dir - straight line, f - hog, p - hog
Aim: a hog (severely wounded, constricted by you, 90% to hit)
You throw a curare-tipped dart.
The curare-tipped dart barely misses the hog.
You constrict the hog. The hog bites you!
* * * LOW HITPOINT WARNING * * *
You take 6 damage, and have 5/73 hp.
You feel much better.
You constrict the hog. The hog completely misses you. The hog bites you!
* * * LOW HITPOINT WARNING * * *
You regained 14 hp, and now have 19/73 hp.
Throw: 2 darts (curare)
Press: ? - help, Q - select action, (/) - cycle Shift-Dir - straight line, f/p - hog
Aim: a hog (almost dead, constricted by you, 90% to hit)
You throw a curare-tipped dart. The curare-tipped dart hits the hog.
The hog is poisoned.
The hog convulses.
You kill the hog!
The hog bites you.
* * * LOW HITPOINT WARNING * * *
Uskayaw will force your foes to helplessly watch your dance.
Uskayaw prepares the audience for your solo!
You feel your dexterity returning.
Your Invocations skill increases to level 8!
You take 4 damage, and have 15/73 hp.
The hog is no longer paralysed. x2
MP restored: 16 You can no longer pass through a line of other dancers.
The hog is no longer moving slowly.
The hog looks more healthy.
Throw: dart (curare)
Press: ? - help, Q - select action, (/) - cycle Shift-Dir - straight line, f - hog
Aim: a hog (69% to hit)
You throw a curare-tipped dart. The curare-tipped dart hits the hog.
The hog is poisoned.
The hog convulses.
The hog seems to slow down.
The hog is moderately wounded.
The hog misses you.
You barely miss the hog. You grab the hog. You squeeze the hog.
The hog is severely wounded.
You constrict the hog. The hog bites you!
* * * LOW HITPOINT WARNING * * *
You take 10 damage, and have 10/73 hp.
You stomp with the beat, sending a shockwave through the revellers around you!
The hog is severely wounded.
The hog is almost dead.
You can no longer stomp with the beat.
You constrict the hog. The hog bites you!
You die...

#..#..#######'### ####.#####
#..#..#...#.....# #.....##..
#..'. #...#.....########.........
#..# #...#.....##.....+.........
#.. #...#.....##....##.........
#(## ##...#.....##....#..........
((h###..........##..........##...
#..h##.......>...#..#.....####...
###..#.........h@...)........+...
##...........h....#........#...
#..........##+#..#........#...
#..........#....)#####........
#..........+........##........
#..........#.........#........
#....................##.......
##.........##.##..............
#............(...............


You could see 2 hogs.

Vanquished Creatures
  A cyclops (D:8)
  2 hogs (D:8)
  A human (D:8)
  2 orc warriors
  An ice beast (D:5)
  A black bear (D:6)
  4 ogres
  2 phantoms
  3 bullfrogs
  2 scorpions (D:6)
  4 wights (D:8)
  3 howler monkeys
  4 hounds
  2 jellies
  A gnoll bouda (D:7)
  7 orc priests
  A sleepcap (D:3)
  8 iguanas
  7 orc wizards
  21 gnolls
  11 adders
  A shadow imp (D:7)
  An ufetubus (D:3)
  A worm (D:3)
  3 dart slugs
  24 orcs
  9 endoplasms
  2 giant cockroaches (D:2)
  8 goblins
  11 hobgoblins
  A jackal (D:2)
  4 quokkas
  7 ball pythons
  3 bats
  A frilled lizard (D:1)
  7 kobolds
  4 rats
  A rat zombie (D:5)
176 creatures vanquished.

Notes
Turn   | Place    | Note
-------+----------+-------------------------------------------
     0 | D:1      | mdonais the Octopode Brigand began the quest for the Orb.
     0 | D:1      | Reached XP level 1. HP: 14/14 MP: 1/1
   120 | D:1      | Found Ipnaff's Armour Boutique.
   120 | D:1      | Found a faded altar of an unknown god.
   176 | D:1      | Prayed at the altar of an unknown god.
   176 | D:1      | Became a worshipper of Uskayaw the Reveller
   176 | D:1      | Reached * piety under Uskayaw
   180 | D:1      | Reached XP level 2. HP: 19/19 MP: 2/2
   308 | D:1      | Reached ** piety under Uskayaw
   661 | D:2      | Reached XP level 3. HP: 25/25 MP: 3/3
  1152 | D:2      | Reached XP level 4. HP: 31/31 MP: 4/4
  1989 | D:3      | Found a hide-covered altar of Uskayaw.
  2013 | D:3      | Reached XP level 5. HP: 37/37 MP: 5/5
  2633 | D:3      | Found a snail-covered altar of Cheibriados.
  2903 | D:4      | Reached *** piety under Uskayaw
  3062 | D:4      | Found a glowing golden altar of the Shining One.
  3100 | D:4      | Noticed a phantom
  3134 | D:3      | Killed a phantom
  3135 | D:3      | Reached XP level 6. HP: 29/44 MP: 6/6
  3311 | D:4      | Found a staircase to the Ecumenical Temple.
  3328 | Temple   | Entered the Ecumenical Temple
  3699 | D:4      | Found a sacrificial altar of Ru.
  3951 | D:5      | Entered Level 5 of the Dungeon
  4078 | D:5      | Reached skill level 5 in Fighting
  4116 | D:5      | Reached XP level 7. HP: 48/50 MP: 7/7
  4219 | D:5      | Found a stormy altar of Qazlal.
  4315 | D:5      | Found a shadowy altar of Dithmenos.
  4606 | D:5      | Found an opulent altar of Gozag.
  4606 | D:5      | Found a sparkling altar of Nemelex Xobeh.
  5026 | D:5      | Found an ancient bone altar of Kikubaaqudgha.
  5287 | D:6      | Reached XP level 8. HP: 58/58 MP: 10/10
  5377 | D:6      | Learned a level 1 spell: Freeze
  5703 | D:6      | Reached skill level 5 in Invocations
  6004 | D:6      | Reached skill level 1 in Shields
  6023 | D:6      | Found Koalic's Armour Boutique.
  7093 | D:7      | Found Dirch's Antique Weapon Shop.
  7134 | D:7      | Found a glowing silver altar of Zin.
  7140 | D:7      | Found Palubbe's Jewellery Shop.
  7276 | D:6      | Reached XP level 9. HP: 44/64 MP: 13/13
  7768 | D:7      | Found Saisusam's Armour Emporium.
  7769 | D:7      | Identified the +0 hand axe of True Grit {heavy, rElec
                  | Str+2}
  8072 | D:7      | Reached skill level 5 in Short Blades
  8191 | D:7      | Found Boynuxah's Book Boutique.
  8491 | D:7      | Found Taevoul's Antique Armour Boutique.
  8832 | D:8      | Reached **** piety under Uskayaw
  9011 | D:8      | Found a radiant altar of Vehumet.
  9017 | D:8      | Reached skill level 5 in Shields
  9406 | D:8      | Noticed a cyclops
  9412 | D:8      | Killed a cyclops
  9456 | D:8      | Reached XP level 10. HP: 64/73 MP: 15/15
  9766 | D:8      | Slain by a hog

Illustrated notes

Levels and vault maps discovered:
D:1:      amcnicky_arrival_underground_garden, layout_basic,
          ebering_ecumenical_altar_rust, serial_shops, shop, chequers_avenue,
          minmay_heptomino_l4
D:2:      minmay_razor_zed, layout_loops_corners
D:3:      layout_loops_ring, lemuel_round_altar, mainiacjoe_overflow_alcove_1
D:4:      layout_basic, nicolae_tso_carved_into_rock,
          mainiacjoe_overflow_concentric_impassable, minmay_temple_entry_ruins
D:5:      layout_basic, grunt_temple_overflow_opulence,
          mainiacjoe_overflow_boulevard, overflow_temple_1_default,
          lemuel_zombie_altar_kikubaaqudgha
D:6:      layout_layer_cave, serial_shops, nicolae_square_shop
D:7:      layout_cave_pools, mainiacjoe_overflow_alcove_2, serial_shops, shop,
          nicolae_shop_window_shopping, nicolae_shop_tiny_glass,
          nicolae_shop_tiny_real_fake_doors, nicolae_shop_hallway_stairs
D:8:      layout_basic, nicolae_vehumet_radiance, serial_shops,
          nicolae_lakefront_shop, grunt_ministairs_8, grunt_livestock,
          nicolae_titane
Temple:   zaba_magenta_temple

Skill      XL: |  1  2  3  4  5  6  7  8  9 10 |
---------------+-------------------------------+-----
Fighting       | 3 4 5 6 7 8 |  8.7
Short Blades   | 3 4 5 |  5.0
Throwing       | 3 4 |  4.0
Invocations    | 3 5 7 8 |  8.0
Shields        | 4 6 |  6.0
Dodging        | |  1.0
Stealth        | |  5.3

Action                     |  1- 3 |  4- 6 |  7- 9 | 10-12 || total
---------------------------+-------+-------+-------+-------++-------
  Melee: Dagger            |    43 |   127 |   230 |    16 ||   416
         Constrict         |    11 |    23 |    46 |     4 ||    84
         Tentacles         |     5 |    27 |    75 |     5 ||   112
         Punch             |       |     2 |     6 |     1 ||     9
   Fire: Sling             |       |     3 |       |       ||     3
  Throw: Dart              |       |     7 |    93 |     5 ||   105
         Javelin           |       |       |     3 |       ||     3
 Invoke: Stomp             |       |       |       |     1 ||     1
    Use: Scroll            |       |     6 |     4 |       ||    10
         Potion            |       |       |     6 |     1 ||     7
   Stab: Sleeping          |    13 |    17 |    12 |       ||    42
         Paralysed         |       |     2 |     3 |     2 ||     7
         Distracted        |       |       |     1 |       ||     1
 Armour: Skin              |     1 |     9 |     4 |       ||    14
  Dodge: Dodged            |    16 |    55 |    87 |     7 ||   165
  Block: Other             |       |       |     6 |     1 ||     7
         Reflection        |       |       |     1 |       ||     1

Table legend: (Time is in decaauts)
 A = Elapsed time spent in this place.
 B = Non-inter-level travel time spent in this place.
 C = Inter-level travel time spent in this place.
 D = Time resting spent in this place.
 E = Time spent auto-exploring this place.
 F = Levels seen in this place.
 G = Mean time per level.
                   A        B        C        D        E       F      G
               +--------+--------+--------+--------+--------+-----+--------+
         Total |   9668 |   9318 |    350 |   1019 |   6492 |   9 | 1074.2 |
       Dungeon |   9666 |   9316 |    350 |   1019 |   6492 |   8 | 1208.2 |
        Temple |      1 |      1 |      0 |      0 |      0 |   1 |    1.0 |
               +--------+--------+--------+--------+--------+-----+--------+

Top non-repeatable levels by time:
     D:6: 1846 daAuts
     D:5: 1601 daAuts
     D:2: 1305 daAuts
     D:7: 1282 daAuts
     D:8: 1013 daAuts
     D:3: 993 daAuts
     D:4: 968 daAuts
     D:1: 655 daAuts
  Temple: 1 daAuts
